 Dungeon Crawl Stone Soup version 0.29-a0-219-g0a02b1cf4f (webtiles) character file.

Game seed: 5139836566237047133

984 tilp the Frost Mage (level 7, 32/32 HPs)
             Began as a Felid Ice Elementalist on Feb 25, 2022.
             Quit the game on level 8 of the Dungeon.
             The game lasted 00:20:29 (12157 turns).

tilp the Frost Mage (Felid Ice Elementalist)       Turns: 12157, Time: 00:20:30

Health: 32/32      AC:  2    Str:  4    XL:     7   Next: 97%
Magic:  15/15      EV: 18    Int: 20    God:
Gold:   260        SH:  0    Dex: 17    Spells: 5/16 levels left
                                        Lives:  0   Deaths: 2

rFire   . . .      SeeInvis +     - Unarmed
rCold   . . .      Faith    .   (shield unavailable)
rNeg    . . .      Spirit   .   (body armour unavailable)
rPois   .          Reflect  .   (helmet unavailable)
rElec   .          Harm     .   (cloak unavailable)
rCorr   .          Rampage  .   (gloves unavailable)
Will    +....                   (boots unavailable)
Stlth   +++.......              (no amulet)
HPRegen 0.10/turn               (no ring)
MPRegen 0.14/turn               (no ring)

@: quick
A: very small, claws 1, fangs 3, see invisible, speed 1, shaggy fur 2, stealthy
paws, no weapons or thrown items, no armour, multi-lived
a: no special abilities


You were on level 8 of the Dungeon.
You visited 2 branches of the dungeon, and saw 9 of its levels.

You collected 407 gold pieces.
You spent 147 gold pieces at shops.

Inventory:

Wands
 d - a wand of flame (6)
 n - a wand of charming (8)
Scrolls
 c - 5 scrolls of identify
 l - 5 scrolls of fear
 m - a scroll of vulnerability
 p - a scroll of amnesia
 q - a scroll of teleportation
Potions
 a - 6 potions of heal wounds
 b - a potion of attraction
 e - 4 potions of haste
 f - 3 potions of curing
 g - a potion of might
 h - a potion of mutation
 i - a potion of berserk rage
 k - a potion of lignification
 o - a potion of brilliance


   Skills:
 - Level 4.0 Fighting
 - Level 4.0 Dodging
 - Level 6.0 Stealth
 - Level 4.0 Unarmed Combat
 - Level 5.0 Spellcasting
 + Level 5.3 Conjurations
 - Level 8.0 Ice Magic


You had 5 spell levels left.
You knew the following spells:

 Your Spells              Type           Power      Damage    Failure   Level
a - Freeze                Ice            100%       1d11      1%          1
b - Frozen Ramparts       Ice            74%        1d9       1%          3
c - Ozocubu's Armour      Ice            37%        N/A       1%          3
d - Hailstorm             Conj/Ice       31%        3d8       8%          4

Your spell library contained the following spells:

 Spells                   Type           Power      Damage    Failure   Level
 Corpse Rot               Necr/Air       10%        N/A       17%         2
 Poisonous Vapours        Pois/Air       10%        N/A       17%         2


Dungeon Overview and Level Annotations

Branches:
Dungeon (8/15)             Temple (1/1) D:5
   Lair: D:8-11

Altars:
Ashenzari
Cheibriados
Dithmenos
Elyvilon
Fedhas
Gozag
Hepliaklqana
Kikubaaqudgha
Makhleb
Nemelex Xobeh
Okawaru
Qazlal
Sif Muna
Trog
Uskayaw
Wu Jian
Xom
Yredelemnul
Zin
The Shining One

Shops:
D:1 *   D:4 (   D:6 *

Annotations:
D:6 rust devil + one upstairs, exclusions: howler monkey, scorpion, steam dragon and 3 wights
D:8 exclusion: wight, Harold


Innate Abilities, Weirdness & Mutations

You have sharp claws.
You have razor-sharp teeth.
You have supernaturally acute eyesight. (SInv)
You cover ground quickly. (Speed+)
You are covered in thick fur. (AC +2)
Your paws help you pounce on unaware monsters.
You are incapable of wielding weapons or throwing items.
You cannot wear armour.
You gain extra lives every three experience levels.


Message History

The hail pelts the wight!
The wight partially resists.
You destroy the wight!
The wight hits you from afar with a +0 spear!
* * * LOW HITPOINT WARNING * * *
Your life force feels restored.
Unknown command.
Unknown command.
Unknown command.
Casting: Hailstorm (quite dangerous; 8% risk of failure)
Confirm with . or Enter, or press ? or * to list all spells.
The spell is quite dangerous to miscast (8% risk of failure)!
Continue anyway?
Casting: Hailstorm (quite dangerous; 8% risk of failure)
Press: ? - help, Dir - look around, f - activate A cannonade of hail descends around you!
The hail pelts the wight!
The wight partially resists.
You destroy the wight!
Unknown command.
Unknown command.
Unknown command.
Unknown command.
There is an open door here.
Harold zaps a wand.
You resist with almost no effort.
Harold throws a throwing net.
The throwing net hits you.
You become entangled in the net!
You see here a throwing net.
You struggle against the net.
Harold considers, "I think I'll use your bounty to get a horse ranch..."
You struggle against the net.
You struggle against the net.
Harold zaps a wand.
You suddenly lose the ability to move!
Harold zaps a wand.
You resist with almost no effort. Harold hits you with a +0 long sword!!
Ouch! That really hurt!
You die...
You can move again.
You are now level 7!
You rejoin the land of the living...
Unknown command.
Unknown command.
Are you sure you want to abandon this character and quit the game? (Confirm with "yes".)

#..........# #.##
###........# #...
#........# ####
#........#
#........#
#).......##########
#..................
#...>....##########
#.@......###
#####.......#
#......#.##.#
#.###..#.##.# #.#
#.##.##.#
#.###....##.#
#...........#
#############


There were no monsters in sight!

Vanquished Creatures
  3 yaks (D:6)
  A wyvern (D:8)
  Edmund (D:4)
  3 water moccasins
  An orc warrior (D:6)
  3 sky beasts
  3 ogres
  2 centaurs (D:8)
  A phantom (D:5)
  4 scorpions
  2 wights (D:8)
  A howler monkey (D:8)
  2 hounds
  2 jellies
  2 orc priests (D:8)
  Jessica (D:2)
  A gnoll shaman (D:5)
  2 iguanas
  Terence (D:3)
  2 orc wizards
  7 adders
  17 gnolls
  2 white imps
  2 ufetubi
  23 orcs
  7 bats
  10 endoplasms
  5 goblins
  7 hobgoblins
  2 jackals (D:4)
  5 quokkas
  6 ball pythons
  3 frilled lizards
  5 kobolds
  9 rats
148 creatures vanquished.

Vanquished Creatures (others)
  12 plants (D:5)
12 creatures vanquished.

Grand Total: 160 creatures vanquished

Notes
Turn   | Place    | Note
-------+----------+-------------------------------------------
     0 | D:1      | tilp the Felid Ice Elementalist began the quest for the
                  | Orb.
     0 | D:1      | Reached XP level 1. HP: 7/7 MP: 4/4
   304 | D:1      | Found Vosih's Assorted Antiques.
   340 | D:1      | Reached XP level 2. HP: 11/11 MP: 6/6
   642 | D:1      | Bought a scroll labelled NOGGOR JAYM for 17 gold pieces
   642 | D:1      | Bought a scroll labelled PIYS DOC LINUSA for 17 gold pieces
   648 | D:2      | Found a faded altar of an unknown god.
   654 | D:2      | Reached skill level 4 in Ice Magic
   887 | D:2      | Noticed Jessica
  1061 | D:2      | Reached XP level 3. HP: 14/14 MP: 5/7
  1172 | D:2      | Learned a level 3 spell: Frozen Ramparts
  1541 | D:2      | Killed Jessica
  1542 | D:2      | Reached XP level 4. HP: 18/18 MP: 0/9
  2041 | D:2      | Learned a level 3 spell: Ozocubu's Armour
  2224 | D:3      | Noticed Terence
  2287 | D:3      | Reached skill level 5 in Ice Magic
  2364 | D:3      | Noticed a scorpion
  3053 | D:1      | Bought a fizzy white potion for 15 gold pieces
  3053 | D:1      | Bought 2 fizzy white potions for 30 gold pieces
  3091 | D:4      | Reached XP level 5. HP: 21/21 MP: 5/10
  3169 | D:4      | Reached skill level 6 in Ice Magic
  3412 | D:4      | Found a bloodstained altar of Trog.
  3558 | D:4      | Noticed Edmund
  3755 | D:4      | Gained mutation: You are covered in thick fur. (AC +2)
                  | [Felid growth]
  3755 | D:4      | Reached XP level 6. HP: 25/25 MP: 5/11
  3811 | D:4      | Noticed a sky beast
  3820 | D:4      | Killed a sky beast
  3821 | D:4      | Reached skill level 1 in Fighting
  3821 | D:4      | Reached skill level 1 in Unarmed Combat
  4041 | D:4      | Found Dutofein's Weapon Boutique.
  4370 | D:1      | Bought a copper wand for 68 gold pieces
  4406 | D:5      | Entered Level 5 of the Dungeon
  4966 | D:5      | Found a staircase to the Ecumenical Temple.
  4975 | Temple   | Entered the Ecumenical Temple
  5432 | D:5      | Reached XP level 7. HP: 24/30 MP: 5/12
  5982 | D:5      | Found a hide-covered altar of Uskayaw.
  6667 | D:3      | Killed Terence
  7151 | D:6      | Reached skill level 5 in Stealth
  7151 | D:6      | Reached XP level 8. HP: 36/36 MP: 2/13
  7255 | D:6      | Reached skill level 1 in Conjurations
  7689 | D:6      | Learned a level 4 spell: Hailstorm
  7693 | D:6      | Found Exioca's Serpentskin Sales.
  7699 | D:6      | Reached skill level 7 in Ice Magic
  9237 | D:7      | Reached XP level 9. HP: 39/39 MP: 4/16
  9809 | D:8      | Noticed Harold
  9809 | D:8      | Paralysed by Harold for 6 turns
  9911 | D:8      | Slain by Harold
  9912 | D:8      | Reached XP level 8. HP: 0/36 MP: 2/15
 10456 | D:8      | Found a hazy altar of Hepliaklqana.
 10463 | D:8      | Reached skill level 8 in Ice Magic
 10594 | D:8      | Found a snail-covered altar of Cheibriados.
 10788 | D:5      | Reached skill level 5 in Spellcasting
 11014 | D:4      | Killed Edmund
 11344 | D:5      | Noticed a rust devil
 11344 | D:5      | Noticed a rust devil
 11353 | D:6      | Reached skill level 5 in Conjurations
 12152 | D:8      | Paralysed by Harold for 5 turns
 12156 | D:8      | Mangled by Harold
 12157 | D:8      | Reached XP level 7. HP: -13/32 MP: 6/15
 12157 | D:8      | Quit the game

Illustrated notes

Levels and vault maps discovered:
D:1:      dpeg_arrival_erosion, layout_rooms, serial_shops, nicolae_shop_trees
D:2:      layout_rooms, basic_ecumenical_altar, serial_park_tiny_2, uniq_jessica
D:3:      minmay_chambers_of_threes, layout_rooms, uniq_terence
D:4:      layout_loops_ring, trog_antimagical, serial_shops, nicolae_shop_stone,
          uniq_edmund
D:5:      cheibrodos_iron_armory, layout_gridville, general_overflow_altar,
          minmay_temple_entry_statues_pillars, kennysheep_crisscross,
          kennysheep_decorative_pillar, nicolae_grassy_gnolls
D:6:      layout_loops_corners, chequers_serial_rivers_room_b,
          guppyfry_shop_venom
D:7:      layout_basic, grunt_decor_one_mirror
D:8:      layout_basic, nicolae_overflow_crystal_walls,
          lemuel_coloured_pillars_altar, uniq_harold
Temple:   eino_temple_rhombus

Skill      XL: |  1  2  3  4  5  6  7  8  9 |
---------------+----------------------------+-----
Ice Magic      | 4 5 6 8 |  8.0
Spellcasting   | 3 5 |  5.0
Stealth        | 3 5 6 |  6.0
Fighting       | 2 4 |  4.0
Dodging        | 3 4 |  4.0
Unarmed Combat | 2 4 |  4.0
Conjurations   | 5 3 |  5.3

Action                   |  1- 3 |  4- 6 |  7- 9 || total
-------------------------+-------+-------+-------++-------
Melee: Unarmed           |     4 |    19 |    25 ||    48
       Bite              |       |     2 |     5 ||     7
 Cast: Freeze            |    32 |    38 |    73 ||   143
       Frozen Ramparts   |     2 |    19 |    33 ||    54
       Ozocubu's Armour  |       |     7 |    22 ||    29
       Hailstorm         |       |       |    23 ||    23
Evoke: Wand              |       |       |     6 ||     6
  Use: Scroll            |       |    13 |     9 ||    22
 Stab: Sleeping          |     4 |    10 |     4 ||    18
Armor: Skin              |     2 |     4 |    15 ||    21
Dodge: Dodged            |    26 |    40 |    71 ||   137

Table legend: (Time is in decaauts)
 A = Elapsed time spent in this place.
 B = Non-inter-level travel time spent in this place.
 C = Inter-level travel time spent in this place.
 D = Time resting spent in this place.
 E = Time spent auto-exploring this place.
 F = Levels seen in this place.
 G = Mean time per level.
                   A        B        C        D        E       F      G
               +--------+--------+--------+--------+--------+-----+--------+
         Total |  11006 |  10108 |    898 |   3293 |   5514 |   9 | 1222.9 |
       Dungeon |  10844 |   9962 |    882 |   3293 |   5379 |   8 | 1355.5 |
        Temple |    161 |    145 |     16 |      0 |    135 |   1 |  161.0 |
               +--------+--------+--------+--------+--------+-----+--------+

Top non-repeatable levels by time:
     D:4: 1864 daAuts
     D:6: 1784 daAuts
     D:5: 1757 daAuts
     D:3: 1279 daAuts
     D:2: 1243 daAuts
     D:8: 1158 daAuts
     D:7: 922 daAuts
     D:1: 834 daAuts
  Temple: 161 daAuts
